 Dungeon Crawl Stone Soup version 0.29-a0-866-g0545e20025 (webtiles) character file.

Game seed: 53815235271361250

28 Goodini51 the Sneak (level 3, -2/21 HPs)
             Began as an Octopode Enchanter on July 17, 2022.
             Slain by a hobgoblin (5 damage)
             ... on level 2 of the Dungeon.
             The game lasted 00:03:37 (1252 turns).

Goodini51 the Sneak (Octopode Enchanter)            Turns: 1252, Time: 00:03:38

Health: -2/21      AC:  1    Str:  7    XL:     3   Next: 14%
Magic:  2/6        EV: 13    Int: 19    God:
Gold:   78         SH:  0    Dex: 12    Spells: 4/6 levels left

rFire   . . .      SeeInvis .   a - +1 dagger
rCold   . . .      Faith    .   (no shield)
rNeg    . . .      Spirit   .   (helmet restricted)
rPois   .          Reflect  .   (no amulet)
rElec   .          Harm     .   (no ring)
rCorr   .          Rampage  .   (no ring)
Will    .....                   (no ring)
Stlth   ++++......              (no ring)
HPRegen 0.07/turn               (no ring)
MPRegen 0.10/turn               (no ring)
                                (no ring)
                                (no ring)

@: no status effects
A: almost no armour, amphibious, 8 rings, camouflage 1, gelatinous body 1,
(nimble swimmer 1), tentacles
a: no special abilities


You were on level 2 of the Dungeon.
You visited 1 branch of the dungeon, and saw 2 of its levels.

You collected 78 gold pieces.

Inventory:

Hand Weapons
 a - a +1 dagger (weapon)
 i - a +2 short sword of speed
Scrolls
 c - 2 scrolls of identify {unknown}
Potions
 b - 2 potions of invisibility
 d - 2 potions of cancellation {unknown}
 e - a potion of degeneration {unknown}
 f - a potion of brilliance {unknown}
 g - a potion of mutation {unknown}
 h - a potion of flight {unknown}
 j - a potion of ambrosia {unknown}


   Skills:
 + Level 1.3 Short Blades
 + Level 2.0 Dodging
 * Level 4.9 Stealth
 * Level 2.0 Spellcasting
 + Level 3.4 Hexes


You had 4 spell levels left.
You knew the following spells:

 Your Spells              Type           Power      Damage    Failure   Level
a - Ensorcelled Hibernat  Hex/Ice        16%        N/A       12%         2

Your spell library contained the following spells:

 Spells                   Type           Power      Damage    Failure   Level
 Confusing Touch          Hex            15%        N/A       12%         3
 Tukima's Dance           Hex            15%        N/A       12%         3
 Dazzling Flash           Conj/Hex       16%        N/A       24%         3


Dungeon Overview and Level Annotations

Branches:
Dungeon (2/15)

Altars:

Shops:
D:1 *


Innate Abilities, Weirdness & Mutations

You cannot wear most types of armour.
You are amphibious.
You can wear up to eight rings at the same time.
Your skin changes colour to match your surroundings (Stealth+).
Your rubbery body absorbs attacks. (AC +1, EV +1)
((You are camouflaged when in or above water. (Stealth+)))
You have tentacles for arms and can constrict up to eight enemies at once.


Message History

The kobold attacks as you move away!
The kobold hits you with a +0 short sword.
The bat barely misses you. The bat attacks as you move away!
The bat misses you. The kobold attacks as you move away!
The kobold hits you but does no damage. The bat hits you. x2
The bat hits you but does no damage. The bat hits you.
The bat hits you but does no damage. The bat closely misses you.
You barely miss the bat. You grab the bat. You squeeze the bat.
You kill the bat!
The bat misses you.
Casting: Ensorcelled Hibernation (safe; 12% risk of failure)
Confirm with . or Enter, or press ? or * to list all spells.
Aiming: Ensorcelled Hibernation (safe; 12% risk of failure)
Press: ? - help, Shift-Dir - straight line, f/p - kobold
Aim: a kobold, wielding a +0 short sword (chance to affect: 59%)
You miscast Ensorcelled Hibernation.
Nothing appears to happen.
The kobold hits you with a +0 short sword.
* * * LOW HITPOINT WARNING * * *
The bat closely misses you. The kobold attacks as you move away!
The kobold closely misses you. The bat attacks as you move away!
The bat barely misses you. x2
The bat closely misses you.
You hit the bat. Your grab misses the bat.
The bat is severely wounded.
The bat hits you but does no damage.
You hit the bat.
You kill the bat!
The kobold attacks as you move away! The kobold hits you but does no damage.
The kobold attacks as you move away!
The kobold hits you with a +0 short sword.
* * * LOW HITPOINT WARNING * * *
You barely miss the kobold. You grab the kobold. You squeeze the kobold.
The kobold is moderately wounded.
You constrict the kobold. The kobold misses you.
You hit the kobold.
You kill the kobold!
Your magical contamination has completely faded away.
The hobgoblin attacks as you move away! The hobgoblin hits you.
You die...

.^...............#........##.
...#....####.....###......##.
#....# ###...###.....###.
#....#######..#.......# #.
##...÷....##..###<....# #.
#...#....###.###.#.#.# #.
#...#....# #.#.......###.
##..##...# #.#...........
#..####@###.#.#####.####
##.....gg...#.# #.#
##.........[.# #.#
###....)..### #.# .## #..#
####....#######.# r. #..##
####†#.......# ...#...#
###..†######### ..#...#
##..g..# gK?..###......#


You could see a hobgoblin and a goblin.

Vanquished Creatures
  6 ball pythons
  2 endoplasms (D:1)
  3 giant cockroaches (D:1)
  A goblin (D:1)
  A hobgoblin (D:1)
  A jackal (D:2)
  A quokka (D:2)
  4 bats
  4 kobolds
  2 rats (D:1)
25 creatures vanquished.

Notes
Turn   | Place    | Note
-------+----------+-------------------------------------------
     0 | D:1      | Goodini51 the Octopode Enchanter began the quest for the
                  | Orb.
     0 | D:1      | Reached XP level 1. HP: 11/11 MP: 3/3
   294 | D:1      | Reached XP level 2. HP: 17/17 MP: 5/5
   300 | D:1      | Learned a level 2 spell: Ensorcelled Hibernation
   314 | D:1      | Found a faded altar of an unknown god.
   660 | D:1      | Found Pituah's Assorted Antiques.
   984 | D:2      | Reached XP level 3. HP: 7/21 MP: 1/6
  1252 | D:2      | Slain by a hobgoblin

Illustrated notes

Levels and vault maps discovered:
D:1:      dpeg_arrival_round_c, layout_loops_corners,
          nicolae_ecumenical_lake_church, serial_shops, shop_statue
D:2:      minmay_recursive_quarters, layout_loops_corners,
          kennysheep_generic_room_16

Action                   || total
-------------------------++-------
Melee: Dagger            ||    49
       Constrict         ||    11
       Tentacles         ||     9
 Cast: Ensorcelled Hiber ||     2
 Stab: Sleeping          ||     9
Armor: Skin              ||    12
Dodge: Dodged            ||    57

Table legend: (Time is in decaauts)
 A = Elapsed time spent in this place.
 B = Non-inter-level travel time spent in this place.
 C = Inter-level travel time spent in this place.
 D = Time resting spent in this place.
 E = Time spent auto-exploring this place.
 F = Levels seen in this place.
 G = Mean time per level.
                   A        B        C        D        E       F      G
               +--------+--------+--------+--------+--------+-----+--------+
         Total |   1248 |   1209 |     39 |    200 |    797 |   2 |  624.0 |
       Dungeon |   1248 |   1209 |     39 |    200 |    797 |   2 |  624.0 |
               +--------+--------+--------+--------+--------+-----+--------+

Top non-repeatable levels by time:
     D:1: 902 daAuts
     D:2: 346 daAuts
